 Dungeon Crawl Stone Soup version 0.23-a0-644-gb60d84b (webtiles) character file.

9785 Borgoz the Grappler (level 11, -4/87 (88) HPs)
             Began as a Ghoul Gladiator on Jan 1, 2019.
             Slain by a troll (11 damage)
             ... while paralysed
             ... on level 11 of the Dungeon.
             The game lasted 00:24:06 (9572 turns).

Borgoz the Grappler (Ghoul Gladiator)               Turns: 9572, Time: 00:24:08

HP:   -4/87 (88)    AC: 11    Str: 19 (21) XL:     11   Next: 51%
MP:   19/19         EV:  2    Int:  0 (3)  God:
Gold: 441           SH:  0    Dex: 12 (13) Spells: 10/10 levels left

rFire    . . .     SeeInvis .     - Unarmed
rCold    + . .     Gourm    .   (no shield)
rNeg     + + +     Faith    .   f - +4 ring mail
rPois    ∞         Spirit   .   b - +0 helmet
rElec    .         Reflect  .   (no cloak)
rCorr    .         Harm     .   (no gloves)
MR       .....                  (no boots)
Stlth    +.........             h - amulet of the acrobat
HPRegen  0.00/turn              s - +2 ring of strength
MPRegen  0.16/turn              F - ring of magical power

@: paralysed, rotting, slowed, lost intelligence
A: rotting body, claws 1, carnivore, cold resistance 1, negative energy
resistance 3, inhibited regeneration, torment resistance, unbreathing
a: no special abilities


You were on level 11 of the Dungeon.
You were not hungry.

You visited 2 branches of the dungeon, and saw 12 of its levels.
You also visited: Ossuary.

You collected 666 gold pieces.
You spent 225 gold pieces at shops.

Inventory:

Hand Weapons
 v - the +8 mithril axe "Arga" {speed, MR+}
   (You found it on level 4 of the Dungeon)

   Attacks with this weapon are significantly faster.
   It affects your resistance to hostile enchantments.
 L - the +9 rapier of Suhor {freeze, rF+ Str+3 Int+4, unknown}
   (You found it on level 10 of the Dungeon)

   It has been specially enchanted to freeze those struck by it, causing extra
   injury to most foes and up to half again as much damage against particularly
   susceptible opponents.
   It can also slow down cold-blooded creatures.
   It affects your strength (+3).
   It affects your intelligence (+4).
   It protects you from fire.
 P - a +6 blowgun
Missiles
 c - 9 throwing nets (quivered)
Armour
 b - a +0 helmet (worn)
 f - a +4 ring mail (worn)
Jewellery
 h - an amulet of the acrobat (around neck)
 p - an uncursed ring of ice
 s - a +2 ring of strength (left claw)
 x - an uncursed ring of fire
 F - a ring of magical power (right claw)
 M - an uncursed ring of magical power
 Q - the ring "Waittymo" {rN+ Str-5 Dex+7 Stlth-, unknown}
   (You found it on level 9 of the Dungeon)

   [ring of attention]

   It affects your strength (-5).
   It affects your dexterity (+7).
   It protects you from negative energy.
   It makes you less stealthy.
Wands
 a - a wand of acid (10)
 o - a wand of clouds (7)
 G - a wand of paralysis (12)
 N - a wand of flame (24)
Scrolls
 g - 3 scrolls of amnesia {unknown}
 j - 10 scrolls of remove curse
 k - 4 scrolls of identify {unknown}
 l - 2 scrolls of random uselessness {unknown}
 n - 5 scrolls of teleportation {unknown}
 r - a scroll of fog {unknown}
 t - 2 scrolls of magic mapping
 y - 4 scrolls of fear
 z - a scroll of enchant armour {unknown}
 A - 2 scrolls of blinking {unknown}
 C - 2 scrolls of noise {unknown}
Potions
 e - 2 potions of heal wounds {unknown}
 i - a potion of ambrosia {unknown}
 m - 7 potions of curing {unknown}
 q - a potion of degeneration
 u - a potion of might {unknown}
 w - 4 potions of haste {unknown}
 B - 3 potions of brilliance {unknown}
 D - a potion of cancellation {unknown}
 E - a potion of magic {unknown}
 H - a potion of berserk rage {unknown}
 I - a potion of invisibility {unknown}
 J - a potion of lignification {unknown}
 K - 2 potions of mutation {unknown}
Comestibles
 d - 20 rations


   Skills:
 + Level 5.4 Fighting
 - Level 1.7 Throwing
 + Level 7.2 Armour
 + Level 6.7 Dodging
 + Level 14.5 Unarmed Combat
 + Level 1.0 Evocations


You had 10 spell levels left.
You didn't know any spells.
Your spell library contained the following spells:

 Spells                   Type           Power        Failure   Level  Hunger
 Corona                   Hex            #......      77%         1    ##.....
 Magic Dart               Conj           #...         77%         1    ##.....
 Blink                    Tloc           N/A          88%         2    ###....
 Call Imp                 Summ           #.......     88%         2    ###....
 Ensorcelled Hibernation  Hex/Ice        #.....       88%         2    ###....
 Shroud of Golubria       Chrm/Tloc      #.........   88%         2    ###....
 Slow                     Hex            #.......     88%         2    ###....
 Confuse                  Hex            #.......     98%         3    ####...
 Conjure Flame            Conj/Fire      #.......     98%         3    ####...
 Dazzling Spray           Conj/Hex       #.....       98%         3    ####...
 Gell's Gravitas          Tloc           #.........   98%         3    ####...
 Lesser Beckoning         Tloc           #.........   98%         3    ####...
 Mephitic Cloud           Conj/Pois/Air  #.......     98%         3    ####...
 Recall                   Summ/Tloc      N/A          98%         3    ####...
 Teleport Other           Tloc           #.......     98%         3    ####...
 Tukima's Dance           Hex            #.......     98%         3    ####...
 Passage of Golubria      Tloc           N/A          100%        4    #####..
 Aura of Abjuration       Summ           #.........   100%        5    ######.
 Irradiate                Conj/Tmut      #.........   100%        5    ######.
 Summon Demon             Summ           #.........   100%        5    ######.
 Summon Forest            Summ/Tloc      #.........   100%        5    ######.
 Summon Mana Viper        Hex/Summ       #.......     100%        5    ######.
 Shadow Creatures         Summ           N/A          100%        6    #######
 Hydra Form               Tmut           Unusable     N/A         6    N/A
 Statue Form              Tmut/Erth      Unusable     N/A         6    N/A
 Dragon Form              Tmut           Unusable     N/A         7    N/A

Dungeon Overview and Level Annotations

Branches:
Dungeon (11/15)            Temple (1/1) D:7            Lair (0/6) D:9
    Orc (0/2) D:10

Altars:
Ashenzari
Cheibriados
Dithmenos
Elyvilon
Fedhas
Gozag
Hepliaklqana
Kikubaaqudgha
Makhleb
Nemelex Xobeh
Okawaru
Qazlal
Ru
Sif Muna
Trog
Uskayaw
Vehumet
Wu Jian
Xom
Yredelemnul
Zin
The Shining One

Shops:
D:6 %=%[

Annotations:
D:4 2 runed doors
D:10 2 runed doors, MisterFreud's ghost, journeyman OpFi


Innate Abilities, Weirdness & Mutations

Your body is rotting away.
You thrive on raw meat.
You are immune to poison.
You have sharp fingernails.
You are carnivorous and can eat meat at any time.
Your flesh is cold resistant. (rC+)
You are immune to negative energy. (rN+++)
You do not regenerate when monsters are visible.
You are immune to unholy pain and torment.
You can survive without breathing.


Message History

The troll is heavily wounded.
The troll bites you but does no damage. The troll claws you but does no damage.
The troll closely misses you.
You scratch the troll but do no damage. You claw the troll.
The troll is heavily wounded.
You closely miss the troll. Your claw misses the troll.
The troll is heavily wounded.
The troll bites you!
* * * LOW HITPOINT WARNING * * *
The troll claws you.
* * * LOW HITPOINT WARNING * * *
The troll claws you but does no damage.
It was a potion of degeneration.
There was something very wrong with that liquid.
You feel weakened.
You feel dopey.
You have lost your intelligence.
You feel clumsy. The troll bites you!
* * * LOW HITPOINT WARNING * * *
The troll claws you!
You die...

########################
........................
................@T.....<
####..###############.##
#..# #..# #..#
####..#######
....)........
....)).......
.............


You could see a troll.

Vanquished Creatures
  A two-headed ogre (D:9)
  An unseen horror (D:11)
  An ugly thing (D:9)
  Maurice (D:10)
  A troll (D:9)
  3 hippogriffs
  A spriggan (D:9)
  A wyvern (D:11)
  3 hungry ghosts
  A water moccasin (D:8)
  3 orc warriors
  2 sky beasts
  2 phantoms
  2 ice beasts (D:10)
  4 centaurs
  12 ogres
  A necrophage (D:11)
  A crocodile (D:7)
  4 big kobolds
  10 bullfrogs
  A gnoll sergeant (D:9)
  A water moccasin zombie (Ossuary)
  A scorpion (D:4)
  9 wights
  3 howler monkeys
  9 crimson imps
  4 bullfrog zombies
  2 quasits
  7 hounds
  4 orc priests
  2 bullfrog skeletons
  3 iguanas
  2 jellies
  17 mummies (Ossuary)
  7 orc wizards
  Jessica (D:2)
  3 centaur skeletons
  6 worker ants
  A killer bee zombie (Ossuary)
  5 hound zombies
  5 worker ant zombies
  9 gnolls
  A howler monkey skeleton (D:9)
  7 adders
  A shadow imp (D:9)
  An ooze (D:1)
  5 adder zombies
  6 worms
  A dart slug (D:1)
  3 leopard geckos
  34 orcs
  9 giant cockroaches
  6 goblins
  4 hobgoblins
  9 jackals
  2 ball pythons
  5 bats
  6 frilled lizards
  A giant cockroach zombie (D:5)
  A jackal skeleton (D:5)
  28 kobolds
  3 rats
290 creatures vanquished.

Vanquished Creatures (others)
  A withered plant (Ossuary)
1 creature vanquished.

Grand Total: 291 creatures vanquished

Notes
Turn   | Place    | Note
-------+----------+-------------------------------------------
     0 | D:1      | Borgoz the Ghoul Gladiator began the quest for the Orb.
     0 | D:1      | Reached XP level 1. HP: 17/17 MP: 0/0
   132 | D:1      | Reached XP level 2. HP: 12/24 MP: 1/1
   196 | D:1      | Found a glowing golden altar of the Shining One.
   531 | D:2      | Reached skill level 4 in Unarmed Combat
   531 | D:2      | Reached XP level 3. HP: 22/29 MP: 2/2
   615 | D:2      | Found a sparkling altar of Nemelex Xobeh.
   615 | D:2      | Noticed Jessica
   621 | D:2      | Killed Jessica
   716 | D:2      | Reached XP level 4. HP: 37/37 MP: 3/3
   954 | D:2      | Found a faded altar of an unknown god.
  1075 | D:2      | Noticed an ogre
  1089 | D:2      | Killed an ogre
  1089 | D:2      | Reached skill level 1 in Armour
  1089 | D:2      | Reached skill level 5 in Unarmed Combat
  1089 | D:2      | Reached XP level 5. HP: 29/41 MP: 4/4
  2307 | D:3      | Reached XP level 6. HP: 34/50 MP: 5/5
  2718 | D:3      | Found an ornate altar of the Wu Jian Council.
  3005 | D:4      | Reached skill level 6 in Unarmed Combat
  3165 | D:4      | Noticed a phantom
  3176 | D:4      | Killed a phantom
  3176 | D:4      | Reached XP level 7. HP: 51/56 MP: 6/6
  3330 | D:4      | Reached skill level 7 in Unarmed Combat
  3355 | D:4      | Found a large runed door.
  3355 | D:4      | Found a large runed door.
  3363 | D:4      | Found a large runed door.
  3363 | D:4      | Found a large runed door.
  3583 | D:4      | Found the +8 mithril axe "Arga" {speed, MR+}
  3643 | D:5      | Entered Level 5 of the Dungeon
  3708 | D:5      | Reached skill level 8 in Unarmed Combat
  3708 | D:5      | Reached XP level 8. HP: 50/61 MP: 7/7
  3903 | D:5      | Reached skill level 9 in Unarmed Combat
  3984 | D:5      | Found a stormy altar of Qazlal.
  4187 | D:5      | Reached XP level 9. HP: 46/70 MP: 8/8
  4415 | D:6      | Reached skill level 10 in Unarmed Combat
  4496 | D:6      | Found Gocinnuo's Food Shop.
  4650 | D:6      | Found Lieklisi's Jewellery Shop.
  4690 | D:6      | Found Bihopith's Antique Armour Shop.
  4699 | D:6      | Bought a fine scale mail for 225 gold pieces
  4709 | D:6      | Identified the +2 scale mail of Liberalism {*Corrode rF+
                  | MR++} (You bought it in a shop on level 6 of the Dungeon)
  4841 | D:6      | Found Adoan's Food Emporium.
  5084 | D:7      | Found an iron altar of Okawaru.
  5129 | D:7      | Reached skill level 5 in Dodging
  5132 | D:7      | Reached skill level 5 in Armour
  5224 | D:7      | Found a hide-covered altar of Uskayaw.
  5224 | D:7      | Found a deep blue altar of Sif Muna.
  5227 | D:7      | Found a blossoming altar of Fedhas.
  5252 | D:7      | Reached skill level 11 in Unarmed Combat
  6018 | D:7      | Found a shimmering altar of Xom.
  6086 | D:7      | Found a white marble altar of Elyvilon.
  6225 | D:7      | Found a staircase to the Ecumenical Temple.
  6265 | Temple   | Entered the Ecumenical Temple
  6458 | D:7      | Reached XP level 10. HP: 79/79 MP: 9/9
  6687 | D:8      | Reached skill level 12 in Unarmed Combat
  6705 | D:8      | Found a sand-covered staircase.
  7049 | Ossuary  | Entered an ossuary
  7827 | D:9      | Noticed a white ugly thing
  7847 | D:9      | Reached skill level 13 in Unarmed Combat
  7852 | D:9      | Noticed a two-headed ogre
  8168 | D:9      | Got a shimmering tin ring
  8203 | D:9      | Killed a two-headed ogre
  8377 | D:9      | Reached skill level 5 in Fighting
  8427 | D:9      | Found a staircase to the Lair.
  8467 | D:9      | Killed a white ugly thing
  8467 | D:9      | Reached XP level 11. HP: 77/86 MP: 10/10
  8726 | D:10     | Entered Level 10 of the Dungeon
  8753 | D:10     | Found a staircase to the Orcish Mines.
  8926 | D:10     | Got a transparent rapier
  9031 | D:10     | Found a large runed door.
  9031 | D:10     | Found a large runed door.
  9056 | D:10     | Noticed Maurice
  9095 | D:10     | Reached skill level 14 in Unarmed Combat
  9098 | D:10     | Killed Maurice
  9119 | D:10     | Noticed MisterFreud's ghost (journeyman OpFi)
  9202 | D:10     | Reached skill level 1 in Evocations
  9381 | D:11     | Killed an unseen horror
  9572 | D:11     | Lost intelligence.
  9572 | D:11     | Slain by a troll

Vault maps used:
D:1:      eino_arrival_cavern_a, tso_metal_star
D:2:      chequers_ecumenical_altar_grove, chequers_mini_garden,
          nemelex_lonely_heart_becter
D:3:      overflow_temple_1_default
D:4:      minmay_hollow_rounded_squares
D:5:      first_ration, grunt_qazlal_clouds
D:6:      serial_shops, nicolae_shop_waterfront, kennysheep_little_box, shop,
          shop
D:7:      okawaru_gym_becter, grunt_temple_overflow_open,
          gammafunk_temple_overflow_statue, minmay_temple_entry_tees
D:8:      enter_ossuary_1
D:9:      dpeg_oklobed_lair, the_bakery, minmay_diamond_spiral
D:10:     ebering_ghost_disaster_area, uniq_maurice
D:11:     serial_shops, nicolae_shop_behind_doors, bh_walls_and_bars
Temple:   regret_index_temple_waves
Ossuary:  ossuary_zaba_flooded

Skill      XL: |  1  2  3  4  5  6  7  8  9 10 11 |
---------------+----------------------------------+-----
Dodging        | 3 4 5 6 |  6.7
Unarmed Combat | 4 5 6 8 9 11 13 14 | 14.5
Armour         | 1 2 3 4 5 6 7 |  7.2
Fighting       | 3 4 5 |  5.4
Evocations     | 1 |  1.0
Throwing       | |  1.7

Action                   |  1- 3 |  4- 6 |  7- 9 | 10-12 || total
-------------------------+-------+-------+-------+-------++-------
Melee: Unarmed           |    64 |   186 |   382 |   488 ||  1120
       Punch             |     1 |     1 |    26 |    32 ||    60
Evoke: Wand              |       |       |       |     6 ||     6
  Use: Potion            |       |     2 |     2 |     2 ||     6
       Scroll            |       |     1 |       |     3 ||     4
 Stab: Sleeping          |       |     1 |       |       ||     1
  Eat: Chunk             |     7 |    13 |    41 |    31 ||    92
Armor: Leather armour    |    24 |    19 |       |       ||    43
       Ring mail         |       |    14 |   132 |   138 ||   284
Dodge: Dodged            |    38 |   117 |   225 |   298 ||   678

Table legend:
 A = Non-vault XP
 B = Vault XP
 C = Vault XP percentage of total XP
 D = Non-vault monster count
 E = Vault monster count
 F = Vault count percentage of total count
                 A         B        C        D         E       F
            +---------+---------+-------+---------+---------+-------
      Total |   11518 |    2461 |  17.6 |     246 |      44 |  15.2
            +---------+---------+-------+---------+---------+-------
        D:1 |      31 |       0 |   0.0 |      14 |       0 |   0.0
        D:2 |     174 |      37 |  17.5 |      17 |       1 |   5.6
        D:3 |     153 |       0 |   0.0 |      24 |       0 |   0.0
        D:4 |     421 |     263 |  38.5 |      21 |       8 |  27.6
        D:5 |    1406 |       0 |   0.0 |      35 |       0 |   0.0
        D:6 |     749 |       0 |   0.0 |      19 |       0 |   0.0
        D:7 |    1418 |       0 |   0.0 |      24 |       0 |   0.0
        D:8 |    1270 |       0 |   0.0 |      17 |       0 |   0.0
        D:9 |    2301 |     979 |  29.8 |      37 |       5 |  11.9
       D:10 |    1998 |     457 |  18.6 |      28 |       1 |   3.4
       D:11 |    1597 |       0 |   0.0 |      10 |       0 |   0.0
    Ossuary |       0 |     725 | 100.0 |       0 |      29 | 100.0
            +---------+---------+-------+---------+---------+-------
